 Dungeon Crawl Stone Soup version 0.30-a0-845-g7c6808c8ce (webtiles) character file.

Game seed: 3844375141175368411

86 lunkers the Cutter (level 5, -3/45 HPs)
             Began as a Meteoran Fighter on Mar 2, 2023.
             Slain by a scorpion (4 damage)
             ... on level 4 of the Dungeon.
             The game lasted 00:03:02 (1757 turns).

lunkers the Cutter (Meteoran Fighter)               Turns: 1757, Time: 00:03:03

Health: -3/45      AC:  6    Str: 17    XL:     5   Next: 6%
Magic:  6/6        EV:  9    Int: 10    God:
Gold:   106        SH:  6    Dex: 21    Spells: 4/4 levels left

rFire   + . .      SeeInvis .    a - +0 rapier
rCold   . . .      Faith    .    c - +0 buckler
rNeg    . . .      Spirit   .    b - +0 scale mail
rPois   .          Reflect  .    (no helmet)
rElec   .          Rampage  .    (no cloak)
rCorr   .                        (no gloves)
Will    .....                    (no boots) Stlth
                                 (no amulet)
HPRegen 0.27/turn                n - ring of protection from fire
MPRegen 0.10/turn                e - +6 ring of dexterity

@: lethally poisoned (-3 -> -14), glowing
A: sense surroundings 1, otherworldly, glowing, explore regen
a: no special abilities


You were on level 4 of the Dungeon.
You visited 1 branch of the dungeon, and saw 4 of its levels.

You collected 106 gold pieces.

Inventory:

Hand Weapons
 a - a +0 rapier (weapon)
Armour
 b - a +0 scale mail (worn)
 c - a +0 buckler (worn)
Jewellery
 e - a +6 ring of dexterity (right hand)
 n - a ring of protection from fire (left hand)
Wands
 k - a wand of roots (13)
Scrolls
 g - a scroll of poison {unknown}
 i - a scroll of enchant armour {unknown}
 l - a scroll of immolation {unknown}
 m - 2 scrolls of identify {unknown}
 p - a scroll of teleportation {unknown}
Potions
 d - a potion of might
 f - 3 potions of heal wounds {unknown}
 h - a potion of flight {unknown}
 j - a potion of curing {unknown}
 o - a potion of ambrosia {unknown}


   Skills:
 - Level 3.2 Fighting
 + Level 5.0 Short Blades
 - Level 3.6 Armour
 - Level 3.6 Shields


You had 4 spell levels left.
You didn't know any spells.
Your spell library contained the following spells:

 Spells                   Type           Power      Damage    Failure   Level
 Sandblast                Erth           0%         2d4       86%         1
 Passwall                 Tmut/Erth      0%         N/A       94%         2
 Stone Arrow              Conj/Erth      0%         3d7       99%         3


Dungeon Overview and Level Annotations

Branches:
Dungeon (4/15) Zot: 635
 Temple: D:4-7

Altars:
Kikubaaqudgha
Sif Muna
Yredelemnul

Shops:
D:1 :


Innate Abilities, Weirdness & Mutations

You passively map a small area around you.
You are easily found by Zot.
You glow in the dark.
You regain HP and MP as you explore.


Message History

The scorpion poisons you!
You barely miss the scorpion.
* * * LOW HITPOINT WARNING * * *
You feel very sick. The scorpion barely misses you.
Aiming: Fastroot
Press: ? - help, Shift-Dir - straight line, f - scorpion
Aim: a scorpion The roots erupt in riotous growth!
Roots grab the scorpion.
The grasping roots constrict the scorpion.
* * * LOW HITPOINT WARNING * * *
You feel very sick.
The scorpion stings you but does no damage.
The scorpion barely misses you.
You hit the scorpion but do no damage.
The scorpion is lightly wounded.
The grasping roots constrict the scorpion.
* * * LOW HITPOINT WARNING * * *
You feel very sick.
The roots release their grip on the scorpion.
The scorpion stings you.
* * * LOW HITPOINT WARNING * * *
You are more poisoned.
The scorpion poisons you!
You barely miss the scorpion.
The scorpion is moderately wounded.
* * * LOW HITPOINT WARNING * * *
You feel very sick. You block the scorpion's attack.
Aiming: Fastroot
Press: ? - help, Shift-Dir - straight line, f/p - scorpion
Aim: a scorpion (moderately wounded)
The roots erupt in riotous growth!
Roots grab the scorpion.
The grasping roots constrict the scorpion.
* * * LOW HITPOINT WARNING * * *
You feel very sick. The scorpion stings you.
You die...

#)#####.#################
#......................<#
#.#####.#################
#.# , ..# #.# ##*#.# ,
#.# #. #.# * * #.# #..#.#
#.#.#..#.########* *
#.#......@s.....<, ,
#.######.######## ,
#........# ########## , ,
, * * * *, ,,, , ** *


You could see a scorpion (rooted).

Vanquished Creatures
  Ijyb (D:3)
  2 adders
  A worm (D:3)
  A dart slug (D:2)
  2 orcs (D:3)
  4 bats
  A bat zombie (D:3)
  5 endoplasms
  A giant cockroach (D:3)
  3 goblins
  2 hobgoblins (D:2)
  4 kobolds
  2 quokkas (D:3)
  2 ball pythons
  3 frilled lizards
  2 rats (D:3)
  A rat zombie (D:3)
37 creatures vanquished.

Notes
Turn   | Place    | Note
-------+----------+-------------------------------------------
     0 | D:1      | lunkers the Meteoran Fighter began the quest for the Orb.
     0 | D:1      | Reached XP level 1. HP: 19/19 MP: 2/2
   162 | D:1      | Found Anios's Book Boutique.
   313 | D:1      | Reached XP level 2. HP: 26/26 MP: 3/3
   408 | D:1      | Reached skill level 3 in Short Blades
   572 | D:2      | Reached XP level 3. HP: 31/31 MP: 4/4
   702 | D:2      | Found a shimmering blue altar of Sif Muna.
   784 | D:2      | Reached skill level 4 in Short Blades
   927 | D:3      | Reached XP level 4. HP: 28/38 MP: 5/5
   981 | D:3      | Noticed Ijyb
   981 | D:3      | Paralysed by Ijyb for 3 turns
   993 | D:3      | Paralysed by Ijyb for 2 turns
   999 | D:3      | Paralysed by Ijyb for 5 turns
  1007 | D:3      | Killed Ijyb
  1166 | D:3      | Reached skill level 5 in Short Blades
  1279 | D:3      | Reached XP level 5. HP: 44/45 MP: 6/6
  1326 | D:3      | Found a basalt altar of Yredelemnul.
  1515 | D:3      | Found an ancient bone altar of Kikubaaqudgha.
  1693 | D:3      | Glimpsed the power of Zot.
  1757 | D:4      | HP: 1/45 [poisoned by a scorpion]
  1757 | D:4      | Slain by a scorpion

Illustrated notes

Levels and vault maps discovered:
D:1:      dpeg_arrival_shelter, layout_loops_ring, serial_shops, shop
D:2:      layout_basic, basic_altar, shapermc_ecumenical_altar_mp_urbaneastern
D:3:      layout_loops_corners, lemuel_zombie_altar_kikubaaqudgha,
          mainiacjoe_overflow_cross_hatched, uniq_ijyb
D:4:      layout_basic, nicolae_shop_sticking_my_neck_out

Skill      XL: |  1  2  3  4 |
---------------+-------------+-----
Short Blades   | 3 4 5 |  5.0
Fighting       | |  3.2
Armour         | |  3.6
Shields        | |  3.6

Action                     |  1- 3 |  4- 6 || total
---------------------------+-------+-------++-------
  Melee: Rapier            |    99 |    66 ||   165
  Evoke: Wand              |       |     3 ||     3
 Armour: Scale mail        |    52 |    16 ||    68
  Dodge: Dodged            |    31 |    20 ||    51
  Block: Buckler           |    25 |    13 ||    38

Table legend: (Time is in decaauts)
 A = Elapsed time spent in this place.
 B = Non-inter-level travel time spent in this place.
 C = Inter-level travel time spent in this place.
 D = Time resting spent in this place.
 E = Time spent auto-exploring this place.
 F = Levels seen in this place.
 G = Mean time per level.
                   A        B        C        D        E       F      G
               +--------+--------+--------+--------+--------+-----+--------+
         Total |   1763 |   1715 |     48 |      0 |   1379 |   4 |  440.8 |
       Dungeon |   1763 |   1715 |     48 |      0 |   1379 |   4 |  440.8 |
               +--------+--------+--------+--------+--------+-----+--------+

Top non-repeatable levels by time:
     D:3: 897 daAuts
     D:1: 486 daAuts
     D:2: 337 daAuts
     D:4: 42 daAuts
